 Dungeon Crawl Stone Soup version 0.22.1-1-ga44c0e5 (webtiles) character file.

44 dohliylev the Sneak (level 3, 0/24 HPs)
             Began as a Vampire Enchanter on Nov 11, 2018.
             Succumbed to an adder's poison
             ... on level 2 of the Dungeon.
             The game lasted 00:05:58 (1172 turns).

dohliylev the Sneak (Vampire Enchanter)             Turns: 1172, Time: 00:05:59

Health: 0/24       AC:  2    Str:  7    XL:     3   Next: 41%
Magic:  2/6        EV: 12    Int: 18    God:
Gold:   57         SH:  0    Dex: 14    Spells: 0/6 levels left

rFire    . . .     SeeInvis +   a - +1 dagger
rCold    . . .     Gourm    .   (no shield)
rNeg     . . .     Faith    .   b - +0 robe
rPois    .         Spirit   .   (no helmet)
rElec    .         Reflect  .   (no cloak)
rCorr    +         Harm     .   (no gloves)
MR       .....                  (no boots)
Stlth    +++.......             (no amulet)
HPRegen  0.28/turn              d - ring of resist corrosion
MPRegen  0.10/turn              (no ring)

@: lethally poisoned (0 -> -2), berserk cooldown, flying, regenerating quickly,
hasted and slowed
A: fangs 3, see invisible, unbreathing
a: no special abilities


You were on level 2 of the Dungeon.
You were very full.

You visited 1 branch of the dungeon, and saw 2 of its levels.

You collected 57 gold pieces.

Inventory:

Hand Weapons
 a - a +1 dagger (weapon)
Armour
 b - a +0 robe (worn)
Jewellery
 d - a ring of resist corrosion (left hand)
 g - an uncursed ring of stealth {unknown}
 j - a cursed ring of attention {unknown}
Scrolls
 e - 3 scrolls of identify {unknown}
 f - 4 scrolls of fog {unknown}
 k - a scroll of amnesia {unknown}
Potions
 c - 4 potions of blood


   Skills:
 + Level 1.3 Short Blades
 - Level 2.1 Dodging
 + Level 6.8 Stealth
 - Level 2.0 Spellcasting
 - Level 4.4 Hexes


You couldn't memorise any spells.
You knew the following spells:

 Your Spells              Type           Power        Failure   Level  Hunger
a - Corona                Hex            ###....      3%          1    #......
b - Ensorcelled Hibernat  Hex/Ice        #.....       11%         2    ###....
c - Confuse               Hex            ###.....     9%          3    ###....

Your spell library contained the following spells:

 Spells                   Type           Power        Failure   Level  Hunger
 Tukima's Dance           Hex            ###.....     9%          3    ###....
 Dazzling Spray           Conj/Hex       #.....       22%         3    ###....


Dungeon Overview and Level Annotations

Branches:
Dungeon (2/15)

Altars:


Innate Abilities, Weirdness & Mutations

Your natural rate of healing is unusually fast.
You have razor-sharp teeth.
You have supernaturally acute eyesight. (SInv)
You can survive without breathing.


Message History

You are too berserk!
* * * LOW HITPOINT WARNING * * *
You feel sick.
Things that are here:
a short sword; a kobold corpse; an adder corpse Drink blood from a kobold corpse? (ye/n/q) This warm blood tastes delicious!
You feel a strong urge to attack something.
Drink blood from an adder corpse? (ye/n/q) This blood tastes delicious!
You feel a lot more full.
Things that are here:
a short sword; an adder skeleton You are no longer berserk.
You are exhausted.
You feel yourself slow down.
* * * LOW HITPOINT WARNING * * *
You feel sick.
Yummy - fresh blood!
Yummy - fresh blood!
You die...

#.# #.#..# #.# #.# #.#..###.#
#.# #........# #.#
###..####### #.# #.........
#.# ##.####### #.# #.# #.#
#)########### .. #.#
#......@....# .# #.#
###########.# .# # #.# #.# .#
#.# #.# #K# .# /... #.# #.#
.#..... #.# #.##....... #.#
#############...S...... #.#
#.....<................
#.######.##############.......


There were no monsters in sight!

Vanquished Creatures
  An adder (D:2)
  A worm (D:2)
  A dart slug (D:1)
  A leopard gecko (D:1)
  A giant cockroach (D:2)
  2 goblins (D:1)
  3 hobgoblins (D:1)
  2 jackals (D:1)
  3 kobolds
  A quokka (D:2)
  4 bats
  A frilled lizard (D:1)
  8 rats
29 creatures vanquished.

Notes
Turn   | Place    | Note
-------+----------+-------------------------------------------
     0 | D:1      | dohliylev the Vampire Enchanter began the quest for the
                  | Orb.
     0 | D:1      | Reached XP level 1. HP: 13/13 MP: 3/3
   213 | D:1      | Reached skill level 5 in Stealth
   266 | D:1      | Reached XP level 2. HP: 10/19 MP: 5/5
   328 | D:1      | Learned a level 2 spell: Ensorcelled Hibernation
   435 | D:1      | Reached skill level 6 in Stealth
  1017 | D:2      | Reached XP level 3. HP: 14/24 MP: 3/6
  1022 | D:2      | Learned a level 3 spell: Confuse
  1170 | D:2      | HP: 1/24 [poisoned by an adder]
  1172 | D:2      | Succumbed to an adder's poison

Skill      XL: |  1  2 |
---------------+-------+-----
Stealth        | 5 6 |  6.8
Short Blades   | |  1.3
Dodging        | |  2.1
Spellcasting   | |  2.0
Hexes          | |  4.4

Action                   || total
-------------------------++-------
Melee: Dagger            ||    69
       Bite              ||     6
 Cast: Corona            ||     5
       Ensorcelled Hiber ||    12
  Use: Potion            ||    12
 Stab: Sleeping          ||    14
  Eat: Corpse            ||     2
Armor: Robe              ||    16
Dodge: Dodged            ||    41
